 Dungeon Crawl Stone Soup version 0.23.0 (webtiles) character file.

Game seed: 10412423572011772238

4 tidbits the Insei (level 1, 2/17 HPs)
             Began as a Gnoll Transmuter on Feb 14, 2019.
             Quit the game on level 2 of the Dungeon.
             The game lasted 00:01:21 (151 turns).

tidbits the Insei (Gnoll Transmuter)                 Turns: 151, Time: 00:01:22

Health: 2/17       AC:  2    Str: 12    XL:     1   Next: 60%
Magic:  5/6        EV: 14    Int: 20    God:
Gold:   33         SH:  0    Dex: 15    Spells: 8/9 levels left

rFire    . . .     SeeInvis .     - Unarmed
rCold    . . .     Gourm    .   (no shield)
rNeg     . . .     Faith    .   b - +0 robe
rPois    .         Spirit   .   (no helmet)
rElec    .         Reflect  .   (no cloak)
rCorr    .         Harm     .   (no gloves)
MR       .....                  (boots currently unavailable)
Stlth    +.........             (no amulet)
HPRegen  0.05/turn              (no ring)
MPRegen  0.10/turn              (no ring)

@: brilliant, appendage
A: distributed training, fangs 1, talons 3, strong nose
a: End Transformation


You were on level 2 of the Dungeon.
You were full.
You had grown temporary talons.
You visited 1 branch of the dungeon, and saw 3 of its levels.

You collected 33 gold pieces.

Inventory:

Missiles
 a - 12 arrows
 c - 17 stones (quivered)
Armour
 b - a +0 robe (worn)
Scrolls
 f - a scroll of teleportation {unknown}
Potions
 e - a potion of brilliance
Comestibles
 d - 3 rations


   Skills:
 + Level 2.3 Fighting
 + Level 0.0 Short Blades
 + Level 0.0 Long Blades
 + Level 0.0 Axes
 + Level 0.0 Maces & Flails
 + Level 0.0 Polearms
 + Level 0.0 Staves
 + Level 0.0 Slings
 + Level 0.0 Bows
 + Level 0.0 Crossbows
 + Level 0.0 Throwing
 + Level 0.0 Armour
 + Level 4.4 Dodging
 + Level 0.0 Stealth
 + Level 0.0 Shields
 + Level 6.4 Unarmed Combat
 + Level 4.8 Spellcasting
 + Level 0.0 Conjurations
 + Level 0.0 Hexes
 + Level 0.0 Charms
 + Level 0.0 Summonings
 + Level 0.0 Necromancy
 + Level 0.0 Translocations
 + Level 3.6 Transmutations
 + Level 0.0 Fire Magic
 + Level 0.0 Ice Magic
 + Level 0.0 Air Magic
 + Level 0.0 Earth Magic
 + Level 0.0 Poison Magic
 + Level 0.1 Invocations
 + Level 0.0 Evocations


You had 8 spell levels left.
You knew the following spells:

 Your Spells              Type           Power        Failure   Level  Hunger
e - Beastly Appendage     Tmut           ####..       1%          1    None

Your spell library contained the following spells:

 Spells                   Type           Power        Failure   Level  Hunger
 Sticks to Snakes         Tmut           ####....     1%          2    #......
 Spider Form              Tmut/Pois      ###.......   2%          3    ##.....
 Ice Form                 Ice/Tmut       ###.....     7%          4    ####...
 Blade Hands              Tmut           ####......   9%          5    ######.


Dungeon Overview and Level Annotations

Branches:
Dungeon (3/15)

Altars:


Innate Abilities, Weirdness & Mutations

Your experience applies equally to all skills.
You have very sharp teeth.
Your uncanny sense of smell can sniff out nearby items.
You have claws for feet.


Message History

Your transformation is almost over.
You see here 9 gold pieces.
Unknown command.
You now have 33 gold pieces (gained 9).
Your horns disappear.
Found a stone staircase leading down.
Found a stone staircase leading down.
Unknown command.
There is a stone staircase leading down here.
You climb downwards.
There is a stone staircase leading up here.
Unknown command.
There is a stone staircase leading up here.
You climb upwards.
There is a stone staircase leading down here.
Unknown command.
There is a stone staircase leading down here.
You climb downwards.
Found a scroll labeled EDDUYPH KODAO.
There is a stone staircase leading up here.
There is a stone staircase leading up here.
A goblin comes into view.
Found a whip.
Casting: Beastly Appendage (safe; 3% risk of failure)
Confirm with . or Enter, or press ? or * to list all spells.
You grow a pair of large bovine horns.
Unknown command.
The goblin shouts!
You hit the goblin.
You kill the goblin!
You see here a goblin corpse.
Found a mace.
You see here a scroll labeled EDDUYPH KODAO.
f - a scroll labeled EDDUYPH KODAO You see here a whip.
Your transformation is almost over.
You see here a mace.
Unknown command.
Your horns disappear.
Unknown command.
Found a stone staircase leading up.
Unknown command.
Unknown command.
There is a stone staircase leading up here.
Unknown command.
You climb upwards.
There is a stone staircase leading down here.
Unknown command.
Unknown command.
You climb downwards.
There is a stone staircase leading up here.
Unknown command.
Found a stone staircase leading down.
A giant cockroach comes into view.
Casting: Beastly Appendage (safe; 3% risk of failure)
Confirm with . or Enter, or press ? or * to list all spells.
Your feet morph into talons.
Unknown command.
You punch the giant cockroach!
You kill the giant cockroach!
There is a stone staircase leading down here.
You climb downwards. 2 orcs and 2 orc wizards come into view.
An orc wizard is wielding a +2 dagger of holy wrath.
The orc wizard shouts!
The orc shouts!
The orc wizard shouts!
The orc shouts!
You hear a shout!
Found three items.
There is a stone staircase leading up here.
The orc wizard barely misses you.
The orc wizard hits you but does no damage.
You climb upwards.
There is a stone staircase leading down here.
Unknown command.
Casting: Beastly Appendage (safe; 3% risk of failure)
Confirm with . or Enter, or press ? or * to list all spells.
You extend your transformation's duration.
The orc wizard closely misses you. The orc wizard casts a spell at you.
The magic dart hits you.
Casting: Beastly Appendage (safe; 3% risk of failure)
Confirm with . or Enter, or press ? or * to list all spells.
You don't know that spell.
Casting: Beastly Appendage (safe; 3% risk of failure)
Confirm with . or Enter, or press ? or * to list all spells.
Okay, then.
You hit the orc wizard. Your kick misses the orc wizard.
The orc wizard is lightly wounded.
You barely miss the orc wizard.
You bite the orc wizard, but do no damage.
The orc wizard is lightly wounded.
The orc wizard points at you and mumbles some strange words.
The magic dart hits you!
Ouch! That really hurt!
* * * LOW HITPOINT WARNING * * *
The orc wizard barely misses you.
It was a potion of brilliance.
You feel clever all of a sudden. The orc wizard casts a spell at you.
The puff of flame misses you. The orc wizard closely misses you.
Are you sure you want to abandon this character and quit the game? (Confirm with "yes".)

∆ ∆ #.# #.# ########## #.#
#@o....... #.#
####o######## #.# #....#
#.# #....# #.#
#....####### #####
##.######........ .....
#<............... .....
##.#######################
#..............)....)..†..


You could see 2 orc wizards.

Vanquished Creatures
  2 giant cockroaches
  A goblin (D:2)
3 creatures vanquished.

Notes
Turn   | Place    | Note
-------+----------+-------------------------------------------
     0 | D:1      | tidbits the Gnoll Transmuter began the quest for the Orb.
     0 | D:1      | Reached XP level 1. HP: 17/17 MP: 6/6
   144 | D:3      | Noticed an orc wizard
   144 | D:3      | Noticed an orc wizard
   149 | D:2      | HP: 2/17 [orc wizard/magic dart (11)]
   151 | D:2      | Quit the game

Action                   || total
-------------------------++-------
Melee: Unarmed           ||     7
       Bite              ||     2
 Cast: Beastly Appendage ||     4
  Use: Potion            ||     1
  Eat: Ration            ||     1
Dodge: Dodged            ||     6

Table legend:
 A = Turns spent in this place as a percentage of turns spent in the entire game.
 B = Non-inter-level travel turns spent in this place as a percentage of non-inter-level travel turns spent in the entire game.
 C = Inter-level travel turns spent in this place as a percentage of turns spent in this place.
 D = Turns resting spent in this place as a percentage of non-inter-level travel turns spent in this place.
 E = Turns spent auto-exploring this place as a percentage of non-inter-level travel turns spent in this place.
 F = Non-inter-level travel turns spent in this place divided by the number of levels of this place that you've seen.
                   A       B       C       D       E      F
               +-------+-------+-------+-------+-------+----------------------
         Total | 100.0 | 100.0 |   0.0 |   0.0 |   0.0 |  50.3
       Dungeon | 100.0 | 100.0 |   0.0 |   0.0 |   0.0 |  50.3
               +-------+-------+-------+-------+-------+----------------------

Table legend:
 A = Kills in this place as a percentage of kills in entire the game.
 B = Kills by you in this place as a percentage of kills by you in the entire game.
 C = Kills by friends in this place as a percentage of kills by friends in the entire game.
 D = Other kills in this place as a percentage of other kills in the entire game.
 E = Experience gained in this place as a percentage of experience gained in the entire game.
 F = Experience gained in this place divided by the number of levels of this place that you have seen.
                   A       B       C       D       E      F
               +-------+-------+-------+-------+-------+----------------------
         Total | 100.0 | 100.0 |   N/A |   N/A | 100.0 |   2.0
       Dungeon | 100.0 | 100.0 |   N/A |   N/A | 100.0 |   2.0
               +-------+-------+-------+-------+-------+----------------------

Levels and vault maps discovered:
D:1:      dpeg_arrival_houses_and_road, layout_loops_ring
D:2:      layout_basic, uniq_robin
D:3:      layout_loops_ring, lemuel_coloured_pillars_altar, first_ration
